 Dungeon Crawl Stone Soup version 0.30-a0-949-g53dc5368d7 (webtiles) character file.

Game seed: 2196148793738876963

5845 avis the Slicer (level 10, -1/51 HPs)
             Began as a Vine Stalker Transmuter on Mar 27, 2023.
             Was a Believer of Uskayaw.
             Slain by a killer bee (3 damage)
             ... on level 8 of the Dungeon on Mar 28, 2023.
             The game lasted 01:17:31 (7782 turns).

avis the Slicer (Vine Stalker Transmuter)           Turns: 7782, Time: 01:17:32

Health: -1/51      AC:  7    Str: 12    XL:     10   Next: 80%
Magic:  0/19       EV: 15    Int: 13    God:    Uskayaw [**....]
Gold:   270        SH:  0    Dex: 20    Spells: 17/20 levels left

rFire   . . .      SeeInvis .    a - +1 short sword (drain)
rCold   . . .      Faith    .    (no shield)
rNeg    . . .      Spirit   +    i - +0 steam dragon scales
rPois   .          Reflect  .    (no helmet)
rElec   .          Rampage  .    h - +0 cloak
rCorr   .                        (no gloves)
Will    +....                    p - +0 pair of boots
Stlth   ++++                     n - amulet of regeneration
HPRegen 1.88/turn                (no ring)
MPRegen 0.16/turn                (no ring)

@: brilliant, lethally poisoned (-1 -> -25), weakened
A: fangs 3, regeneration 1, magic shield, antimagic bite, no potion heal 2
a: Renounce Religion, Stomp, Line Pass


You were on level 8 of the Dungeon.
You worshipped Uskayaw.
Uskayaw was noncommittal.
You visited 2 branches of the dungeon, and saw 9 of its levels.

You collected 360 gold pieces.
You spent 90 gold pieces at shops.

Inventory:

Hand Weapons
 a - a +1 short sword of draining (weapon)
 b - a +2 shortbow of freezing
 j - a +3 hand axe
 w - a +0 long sword of venom
 C - a +5 scimitar
 E - a +3 short sword
 F - a +1 falchion
 G - a -2 spear of pain
 H - a +3 scimitar
Missiles
 c - a curare-tipped dart
 q - 9 poisoned darts (quivered)
 r - 16 boomerangs of dispersal
Armour
 h - a +0 cloak (worn)
 i - +0 steam dragon scales (worn)
 p - a +0 pair of boots (worn)
 s - a +0 buckler
Jewellery
 n - an amulet of regeneration (around neck)
 y - an amulet of reflection
Wands
 d - a wand of digging (2)
 u - a wand of flame (49)
 z - a wand of mindburst (4)
 A - a wand of roots (17)
Scrolls
 e - 2 scrolls of fear {unknown}
 g - 2 scrolls of poison {unknown}
 k - 2 scrolls of vulnerability {unknown}
 l - 2 scrolls of magic mapping {unknown}
 m - a scroll of amnesia {unknown}
 o - 3 scrolls of fog {unknown}
 t - a scroll of silence {unknown}
 x - a scroll of enchant armour {unknown}
 Z - 6 scrolls of teleportation
Potions
 f - a potion of resistance
 v - 3 potions of haste
 B - a potion of berserk rage


   Skills:
 + Level 5.2 Fighting
 - Level 10.0 Short Blades
 + Level 4.8 Dodging
 + Level 6.8 Stealth
 - Level 3.0 Unarmed Combat
 + Level 5.5 Spellcasting
 - Level 2.0 Transmutations
 * Level 3.6 Invocations


You had 17 spell levels left.
You knew the following spells:

 Your Spells              Type           Power      Damage    Failure   Level
e - Wereblood             Tmut           13%        N/A       12%         2
Z - Beastly Appendage     Tmut           26%        N/A       8%          1

Your spell library contained the following spells:

 Spells                   Type           Power      Damage    Failure   Level
 Spider Form              Tmut/Pois      9%         N/A       34%         3
 Inner Flame              Hex/Fire       5%         N/A       47%         3
 Ice Form                 Ice/Tmut       9%         N/A       75%         4
 Flame Wave               Conj/Fire      5%         2d5       87%         4
 Sticky Flame             Conj/Fire      5%         2d3       87%         4


Dungeon Overview and Level Annotations

Branches:
Dungeon (8/15)             Temple (1/1) D:5
   Lair: D:8-11

Altars:
Ashenzari
Cheibriados
Dithmenos
Elyvilon
Fedhas
Gozag
Hepliaklqana
Kikubaaqudgha
Makhleb
Nemelex Xobeh
Okawaru
Qazlal
Ru
Sif Muna
Trog
Uskayaw
Vehumet
Wu Jian
Xom
Yredelemnul
Zin
The Shining One

Shops:
D:1 (

Portals:
Abyss: D:5

Annotations:
D:5 2 transporters, roninjake's ghost, novice DEEE
D:8 Sif Muna books, Amaemon


Innate Abilities, Weirdness & Mutations

You have razor-sharp teeth.
Your natural rate of healing is unusually fast.
When hurt, damage is shared between your health and your magic reserves.
Your bite disrupts and absorbs the magic of your enemies.
Potions cannot restore your health.


Message History

Amaemon seems less confused.
The killer bee stings you.
You are more poisoned.
The killer bee poisons you! The killer bee completely misses you.
The killer bee closely misses you.
Aiming: Line Pass
Press: ? - help, Dir - move target, f - Amaemon
Aim: Amaemon, wielding a +1 demon whip of venom (lightly wounded)
You can't stand on top of the monster!
Aiming: Line Pass
Press: ? - help, Dir - move target, p - Amaemon Amaemon appears confused.
You feel sick.
Amaemon grins madly.
Amaemon closely misses you. Amaemon claws you! Amaemon barely misses you.
The killer bee stings you but does no damage.
You barely miss the orange demon.
The orange demon is severely wounded.
You feel sick.
The orange demon seems less confused.
The killer bee seems less confused.
The killer bee stings you.
You are more poisoned.
The killer bee poisons you!
You barely miss the orange demon.
The orange demon is severely wounded.
You feel sick.
Amaemon hits you with a +1 demon whip of venom.
You are more poisoned.
Amaemon barely misses you. Amaemon tail-slaps you.
* * * LOW HITPOINT WARNING * * *
The killer bee stings you.
* * * LOW HITPOINT WARNING * * *
The killer bee misses you. The orange demon stings you.
* * * LOW HITPOINT WARNING * * *
You are more poisoned.
The orange demon poisons you!
The orange demon hits you but does no damage.
It was a potion of brilliance.
You feel clever all of a sudden.
* * * LOW HITPOINT WARNING * * *
You feel extremely sick.
Amaemon seems less confused.
The killer bee stings you.
You die...

######## #......#####
#......#...#
#......'...#
##.....#...# #.....#...#
#.....#>..#######
+..y4.#.........# ..
+..@6†#.........# ###.##
#...y.###+##....# #....#
####)## #....#
##....#####
#.....y........#
...........
+..............#
...........
#..............#
...........
#........#####+#
........... #...##+###
..#'###########...##...#


You could see Amaemon, an orange demon and 2 killer bees.

Vanquished Creatures
  A two-headed ogre (D:8)
  Pikel (D:5)
  Joseph (D:8)
  Grinder (D:5)
  A wyvern (D:6)
  Grum (D:8)
  3 steam dragons
  Menkaure (D:4)
  2 water moccasins (D:7)
  A black bear (D:7)
  4 ice beasts
  A sky beast (D:6)
  3 ogres
  4 wolves (D:8)
  3 phantoms
  A centaur (D:5)
  3 kobold brigands (D:7)
  A bullfrog (D:7)
  A gnoll sergeant (D:6)
  2 scorpions
  7 wights (D:8)
  2 killer bees (D:8)
  5 howler monkeys
  2 jellies
  A hound (D:4)
  2 orc priests
  3 sleepcaps
  4 iguanas
  3 orc wizards
  15 gnolls
  8 adders
  2 white imps
  3 ufetubi
  2 worms
  3 dart slugs
  16 orcs
  9 ball pythons
  14 bats
  7 endoplasms
  7 giant cockroaches
  8 goblins
  9 hobgoblins
  6 jackals
  10 kobolds
  8 quokkas
  4 frilled lizards
  8 rats
204 creatures vanquished.

Notes
Turn   | Place    | Note
-------+----------+-------------------------------------------
     0 | D:1      | avis the Vine Stalker Transmuter began the quest for the
                  | Orb.
     0 | D:1      | Reached XP level 1. HP: 9/9 MP: 4/4
    23 | D:1      | Reached skill level 1 in Fighting
   112 | D:1      | Reached XP level 2. HP: 7/15 MP: 3/6
   124 | D:1      | Learned a level 2 spell: Wereblood
   231 | D:1      | You fall into a shaft and drop 1 floor!
   270 | D:2      | Reached skill level 1 in Short Blades
   330 | D:2      | Reached XP level 3. HP: 16/18 MP: 4/7
   513 | D:2      | Reached skill level 2 in Short Blades
   729 | D:1      | Found Leru's Antique Weapon Emporium.
   751 | D:1      | Gained mutation: Your natural rate of healing is unusually
                  | fast. [Vine Stalker growth]
   751 | D:1      | Reached XP level 4. HP: 23/23 MP: 2/8
  1305 | D:1      | Reached skill level 3 in Short Blades
  1398 | D:1      | Reached XP level 5. HP: 26/26 MP: 7/9
  1619 | D:2      | Reached skill level 4 in Short Blades
  1761 | D:3      | Found a faded altar of an unknown god.
  1983 | D:1      | Bought a glowing shortbow for 90 gold pieces
  2037 | D:3      | Found a stormy altar of Qazlal.
  2079 | D:3      | Found a burning altar of Makhleb.
  2371 | D:3      | Upgraded the game from 0.30-a0-948-g4fa250aae5 to
                  | 0.30-a0-949-g53dc5368d7
  2441 | D:4      | Noticed a phantom
  2447 | D:5      | Entered Level 5 of the Dungeon
  2447 | D:5      | Noticed an ice beast
  2487 | D:4      | Killed a phantom
  2488 | D:4      | Reached XP level 6. HP: 30/30 MP: 8/11
  2729 | D:4      | Reached skill level 5 in Short Blades
  2729 | D:4      | Reached skill level 1 in Stealth
  2831 | D:4      | Reached XP level 7. HP: 35/35 MP: 9/12
  3216 | D:4      | Reached skill level 6 in Short Blades
  3461 | D:4      | Noticed Menkaure
  3487 | D:4      | Killed Menkaure
  3750 | D:4      | Reached skill level 7 in Short Blades
  3750 | D:4      | Gained mutation: You have razor-sharp teeth. [Vine Stalker
                  | growth]
  3750 | D:4      | Reached XP level 8. HP: 32/39 MP: 6/13
  3884 | D:5      | Found a snail-covered altar of Cheibriados.
  4487 | D:5      | Noticed Pikel
  4488 | D:5      | Reached skill level 8 in Short Blades
  4550 | D:5      | HP: 3/60 [lemure[Pikel] (1)]
  4550 | D:5      | HP: 1/60 [lemure[Pikel] (2)]
  4551 | D:5      | Killed Pikel
  4552 | D:5      | Reached skill level 9 in Short Blades
  4552 | D:5      | Reached XP level 9. HP: 4/44 MP: 1/14
  4676 | D:5      | Found a transporter.
  4681 | D:5      | Found a one-way gate to the infinite horrors of the Abyss.
  4681 | D:5      | Noticed roninjake's ghost (novice DEEE)
  4682 | D:5      | Noticed a toenail golem
  4683 | D:5      | Found a transporter.
  4763 | D:5      | Found a staircase to the Ecumenical Temple.
  4773 | Temple   | Entered the Ecumenical Temple
  5015 | D:5      | Noticed Grinder
  5018 | D:5      | Killed Grinder
  6140 | D:7      | Reached skill level 10 in Short Blades
  6619 | D:7      | Reached skill level 5 in Stealth
  6619 | D:7      | Reached XP level 10. HP: 49/49 MP: 17/17
  7306 | D:8      | Found a hide-covered altar of Uskayaw.
  7334 | D:8      | Became a worshipper of Uskayaw the Reveller
  7424 | D:8      | Reached * piety under Uskayaw
  7428 | D:8      | Reached ** piety under Uskayaw
  7455 | D:8      | Noticed Joseph
  7468 | D:8      | Killed Joseph
  7469 | D:8      | Reached skill level 5 in Spellcasting
  7469 | D:8      | Reached skill level 1 in Invocations
  7485 | D:8      | Found a shimmering blue altar of Sif Muna.
  7536 | D:8      | Reached *** piety under Uskayaw
  7538 | D:8      | Reached **** piety under Uskayaw
  7603 | D:8      | Noticed Grum
  7624 | D:8      | Reached ***** piety under Uskayaw
  7628 | D:8      | Killed Grum
  7629 | D:8      | Reached skill level 5 in Fighting
  7719 | D:8      | Noticed Amaemon
  7726 | D:8      | Noticed an orange demon
  7757 | D:8      | Noticed a two-headed ogre
  7771 | D:8      | Killed a two-headed ogre
  7782 | D:8      | HP: 2/51 [poisoned by an orange demon]
  7782 | D:8      | Slain by a killer bee

Illustrated notes

Levels and vault maps discovered:
D:1:      lightli_arrival_noodles, layout_loops_ring, serial_shops, shop,
          hex_tiny
D:2:      layout_rooms
D:3:      layout_rooms, nicolae_qazlal_scattered_showers,
          mainiacjoe_overflow_small_starburst, ebering_ecumenical_altar_webs,
          item_on_display_a
D:4:      layout_cave_pods, minmay_checkerbox, uniq_menkaure
D:5:      layout_basic, overflow_temple_1_default, temple_pool_b,
          gammafunk_ghost_abyssal_escape, grunt_ministairs_11, kennysheep_dice,
          uniq_grinder, uniq_pikel
D:6:      cheibrodos_steamvent, layout_loops_ring, st_stairs_1, fountainhead,
          chequers_serial_rivers_small_3, kennysheep_generic_room_11
D:7:      layout_loops_ring, minmay_unpleasant_kobolds
D:8:      layout_gridville, nicolae_overflow_crystal_walls,
          nicolae_sif_muna_little_library, kennysheep_generic_room_12,
          uniq_joseph, uniq_grum, uniq_amaemon
Temple:   nicolae_temple_bog_church

Skill      XL: |  1  2  3  4  5  6  7  8  9 10 |
---------------+-------------------------------+-----
Fighting       | 1 2 3 4 5 |  5.2
Short Blades   | 1 2 3 4 5 7 9 10 | 10.0
Spellcasting   | 3 4 5 |  5.5
Stealth        | 2 3 5 6 |  6.8
Dodging        | 2 3 4 |  4.8
Invocations    | 3 |  3.6
Unarmed Combat | |  3.0
Transmutations | |  2.0

Action                     |  1- 3 |  4- 6 |  7- 9 | 10-12 || total
---------------------------+-------+-------+-------+-------++-------
  Melee: Unarmed           |    14 |       |       |       ||    14
         Dagger            |   105 |   249 |       |       ||   354
         Bite              |    28 |    76 |   102 |    55 ||   261
         Punch             |     1 |     7 |     9 |     8 ||    25
         Headbutt          |     1 |       |       |       ||     1
         Short sword       |       |    16 |   303 |   155 ||   474
         Long sword        |       |       |     2 |       ||     2
   Fire: Sling             |     1 |       |       |       ||     1
         Shortbow          |       |    22 |    10 |       ||    32
  Throw: Dart              |       |       |     9 |       ||     9
   Cast: Wereblood         |     9 |    21 |       |       ||    30
         Beastly Appendage |     1 |       |       |       ||     1
 Invoke: Line Pass         |       |       |       |     8 ||     8
         Stomp             |       |       |       |     1 ||     1
  Evoke: Wand              |       |       |     6 |       ||     6
    Use: Potion            |       |       |     1 |     1 ||     2
         Scroll            |       |       |     7 |     1 ||     8
   Stab: Sleeping          |       |     1 |     7 |     2 ||    10
         Distracted        |       |       |     1 |       ||     1
         Paralysed         |       |       |       |     7 ||     7
         Confused          |       |       |       |     1 ||     1
 Armour: Robe              |    18 |    37 |    36 |       ||    91
         Skin              |       |       |    25 |       ||    25
         Steam dragon scal |       |       |    17 |    36 ||    53
  Dodge: Dodged            |    78 |   142 |   112 |    97 ||   429

Table legend: (Time is in decaauts)
 A = Elapsed time spent in this place.
 B = Non-inter-level travel time spent in this place.
 C = Inter-level travel time spent in this place.
 D = Time resting spent in this place.
 E = Time spent auto-exploring this place.
 F = Levels seen in this place.
 G = Mean time per level.
                   A        B        C        D        E       F      G
               +--------+--------+--------+--------+--------+-----+--------+
         Total |   7562 |   6593 |    969 |    760 |   3509 |   9 |  840.2 |
       Dungeon |   7312 |   6371 |    941 |    760 |   3330 |   8 |  914.0 |
        Temple |    249 |    221 |     28 |      0 |    179 |   1 |  249.0 |
               +--------+--------+--------+--------+--------+-----+--------+

Top non-repeatable levels by time:
     D:4: 1718 daAuts
     D:1: 1044 daAuts
     D:5: 981 daAuts
     D:6: 959 daAuts
     D:2: 834 daAuts
     D:7: 807 daAuts
     D:3: 507 daAuts
     D:8: 458 daAuts
  Temple: 249 daAuts
